 Dungeon Crawl Stone Soup version 0.25.1-2-g60ff931df9 (webtiles) character file.

Game seed: 5459179842670459417

46 raphaelitos the Slasher (level 3, 0/28 HPs)
             Began as a Demonspawn Gladiator on Oct 2, 2020.
             Slain by a crimson imp (2 damage)
             ... on level 2 of the Dungeon on Oct 5, 2020.
             The game lasted 00:02:36 (1395 turns).

raphaelitos the Slasher (Demonspawn Gladiator)      Turns: 1395, Time: 00:02:37

Health: 0/28       AC:  3    Str: 15    XL:     3   Next: 46%
Magic:  3/3        EV: 13    Int:  9    God:
Gold:   29         SH:  0    Dex: 14    Spells: 2/2 levels left

rFire    x . .     SeeInvis .   a - +0 long sword
rCold    + . .     Gourm    .   (no shield)
rNeg     . . .     Faith    .   b - +0 leather armour
rPois    .         Spirit   .   (helmet restricted)
rElec    .         Reflect  .   (no cloak)
rCorr    .         Harm     .   (no gloves)
MR       .....                  (no boots)
Stlth    +.........             (no amulet)
HPRegen  0.09/turn              j - ring of ice
MPRegen  0.08/turn              (no ring)

@: no status effects
A: antennae 1, claws 1
a: no special abilities


You were on level 2 of the Dungeon.
You were not hungry.

You visited 1 branch of the dungeon, and saw 2 of its levels.

You collected 29 gold pieces.

Inventory:

Hand Weapons
 a - a +0 long sword (weapon)
Missiles
 d - 3 throwing nets (quivered)
 e - 38 sling bullets
 g - 22 arrows
 h - 17 poisoned darts
Armour
 b - a +0 leather armour (worn)
Jewellery
 j - a ring of ice (left claw)
Scrolls
 c - a scroll of enchant weapon {unknown}
Comestibles
 f - 5 rations
 i - a chunk of flesh


   Skills:
 + Level 2.5 Fighting
 + Level 3.3 Long Blades
 + Level 2.0 Throwing
 + Level 0.1 Armour
 + Level 3.0 Dodging
 + Level 0.3 Stealth


You had 2 spell levels left.
You didn't know any spells.
Your spell library was empty.

Dungeon Overview and Level Annotations

Branches:
Dungeon (2/15)

Altars:


Innate Abilities, Weirdness & Mutations

You have a pair of small antennae on your head.
You have sharp fingernails.


Message History

Welcome back, raphaelitos the Demonspawn Gladiator.
Press ? for a list of commands and other information.
Eating one of 2 chunks of flesh.
You eat one of the 2 chunks of flesh.
This raw flesh tastes terrible.
The crimson imp is too close now for your liking.
A crimson imp is nearby!
A crimson imp is nearby!
A crimson imp is nearby!
A crimson imp is nearby!
You slash the crimson imp!
The crimson imp is heavily wounded.
The crimson imp closely misses you.
You closely miss the crimson imp.
The crimson imp is heavily wounded.
The crimson imp hits you.
* * * LOW HITPOINT WARNING * * *
You barely miss the crimson imp.
The crimson imp is moderately wounded.
The crimson imp hits you.
You die...

#.####
#.).(...((.##.# #
...#
##.####.#####.#
#.##.#######......#
#.#
#...!.........#####
#.# #.##.#######..#
#.# #. #.# #..# #.#
#.##.## #..#
#.....######..#
#.........@5..#
####..######..#
#(.# #..# #..# #..#
#..# #..# #.># #...
###..# ##[.. #..?.#
### #.#.##


You could see a crimson imp.

Vanquished Creatures
  A gnoll (D:1)
  An ooze (D:2)
  A worm (D:2)
  A bat (D:1)
  2 giant cockroaches
  8 goblins
  5 hobgoblins (D:1)
  2 ball pythons
  2 frilled lizards (D:1)
  2 kobolds (D:1)
  2 rats
27 creatures vanquished.

Notes
Turn   | Place    | Note
-------+----------+-------------------------------------------
     0 | D:1      | raphaelitos the Demonspawn Gladiator began the quest for
                  | the Orb.
     0 | D:1      | Reached XP level 1. HP: 16/16 MP: 1/1
   205 | D:1      | Gained mutation: You have a pair of small antennae on your
                  | head. [demonic ancestry]
   205 | D:1      | Reached XP level 2. HP: 18/22 MP: 2/2
   773 | D:1      | Gained mutation: You have sharp fingernails. [demonic
                  | ancestry]
   773 | D:1      | Reached XP level 3. HP: 28/28 MP: 3/3
  1395 | D:2      | Slain by a crimson imp

Illustrated notes

Levels and vault maps discovered:
D:1:      saegor_arrival_simple_c, layout_basic
D:2:      minmay_kobold_bridge, layout_loops_ring, roderic_roman_lattice,
          uniq_terence

Skill      XL: |  1  2 |
---------------+-------+-----
Long Blades    | 3 |  3.3
Throwing       | 2 |  2.0
Dodging        | 3 |  3.0
Fighting       | |  2.5
Armour         | |  0.1
Stealth        | |  0.3

Action                   || total
-------------------------++-------
Melee: Long sword        ||   100
  Eat: Chunk             ||     2
Armor: Leather armour    ||    21
Dodge: Dodged            ||    80
       Rpst.: Long sword ||    22
